 Dungeon Crawl Stone Soup version 0.28-a0-895-g6e5f11bd55 (webtiles) character file.

Game seed: 17870423243206173998

109 Twinkles the Bolt Thrower (level 5, -7/32 HPs)
             Began as a Kobold Hunter on Nov 22, 2021.
             Was a Follower of Dithmenos.
             Killed from afar by an orc wizard (9 damage)
             ... with a magic dart
             ... on level 3 of the Dungeon.
             The game lasted 00:10:24 (3587 turns).

Twinkles the Bolt Thrower (Kobold Hunter)           Turns: 3587, Time: 00:10:25

Health: -7/32      AC:  3    Str: 11    XL:     5   Next: 13%
Magic:  5/5        EV: 15    Int: 12    God:    Dithmenos [*.....]
Gold:   140        SH:  0    Dex: 15    Spells: 4/4 levels left

rFire   . . .      SeeInvis .   b - +4 hand axe (vorpal)
rCold   . . .      Faith    .   (shield restricted)
rNeg    . . .      Spirit   .   c - +0 leather armour
rPois   .          Reflect  .   (no helmet)
rElec   .          Harm     .   (no cloak)
rCorr   .          Rampage  .   (no gloves)
Will    .....                   (no boots)
Stlth   ++++......              (no amulet)
HPRegen 0.10/turn               (no ring)
MPRegen 0.09/turn               (no ring)

@: wreathed by umbra
A: small, no large weapons, nightstalker 3
a: Renounce Religion


You were on level 3 of the Dungeon.
You worshipped Dithmenos.
Dithmenos was aware of your devotion.
You visited 1 branch of the dungeon, and saw 3 of its levels.

You collected 140 gold pieces.

Inventory:

Hand Weapons
 a - a +1 hand crossbow
 b - a +4 vorpal hand axe (weapon)
 e - a +0 short sword
Missiles
 d - 23 bolts
 j - 17 poisoned darts (quivered)
 s - 57 stones
Armour
 c - a +0 leather armour (worn)
Scrolls
 i - 2 scrolls of enchant armour {unknown}
 l - a scroll of teleportation {unknown}
 m - a scroll of amnesia {unknown}
 o - 3 scrolls of identify {unknown}
 p - a scroll of fog {unknown}
Potions
 f - 2 potions of invisibility {unknown}
 g - 2 potions of might {unknown}
 h - a potion of lignification {unknown}
 k - a potion of resistance {unknown}
 n - a potion of degeneration {unknown}
 q - 2 potions of curing {unknown}
 r - a potion of heal wounds {unknown}


   Skills:
 + Level 3.2 Fighting
 + Level 5.5 Crossbows
 + Level 3.6 Dodging
 + Level 3.1 Stealth
 + Level 0.9 Invocations


You had 4 spell levels left.
You didn't know any spells.
Your spell library was empty.

Dungeon Overview and Level Annotations

Branches:
Dungeon (3/15)

Altars:
Dithmenos

Shops:
D:1 (


Innate Abilities, Weirdness & Mutations

You are small and have problems with some larger weapons.
You are completely attuned to the shadows.


Message History

You hit the orc but do no damage. The orc misses you.
The orc wizard closely misses you.
You closely miss the orc wizard.
The orc wizard is heavily wounded.
You hit the orc. The orc closely misses you.
The orc wizard casts a spell at you.
You are confused.
You completely miss the orc wizard.
The orc wizard is heavily wounded.
You hit the orc.
You kill the orc!
Dithmenos accepts your kill.
The orc wizard gestures wildly while chanting.
The orc wizard flickers and vanishes!
Deactivating autopickup; reactivate with Ctrl-A.
Something hits you.
You hear some strange, mumbled words.
A puff of flame appears from out of thin air!
The puff of flame hits you!
You bump into the rock wall.
You feel less confused.
You hear some strange, mumbled words.
A magic dart appears from out of thin air!
The magic dart hits you.
* * * LOW HITPOINT WARNING * * *
You closely miss something. Something hits you.
* * * LOW HITPOINT WARNING * * *
You hit something. Something hits you.
* * * LOW HITPOINT WARNING * * *
Something hits you.
* * * LOW HITPOINT WARNING * * *
You hear some strange, mumbled words.
Something tries to affect you, but you resist.
You see here a rat corpse.
You hear some strange, mumbled words.
Something tries to affect you, but you resist.
There is an open door here.
A magic dart appears from out of thin air!
The magic dart hits you!
You die...

#......###.#######.# #
##########.#.# #.#
#.###
#........#.#.###.#
#..##
######........#.......#
#..##
.....#........###.#####
#...# .....#.......>#
#.# #.#.#
....[#........# #.#
#.#.#
....)#........###.#
#.#..
....)'(.....{.'.@.#
#.##.
.....#....†...##### #.
....†#........# #.
.....#.†......# #.
.....#........#
..(..##########


There were no monsters in sight!

Vanquished Creatures
  3 adders
  4 worms
  2 dart slugs
  3 orcs (D:3)
  7 endoplasms
  2 giant cockroaches (D:1)
  5 goblins
  4 hobgoblins
  2 jackals (D:1)
  4 quokkas
  4 ball pythons
  8 bats
  3 frilled lizards
  5 kobolds
  7 rats
63 creatures vanquished.

Notes
Turn   | Place    | Note
-------+----------+-------------------------------------------
     0 | D:1      | Twinkles the Kobold Hunter began the quest for the Orb.
     0 | D:1      | Reached XP level 1. HP: 12/12 MP: 1/1
   386 | D:1      | Reached XP level 2. HP: 6/18 MP: 2/2
   631 | D:1      | Reached skill level 5 in Crossbows
   891 | D:1      | Found a faded altar of an unknown god.
   934 | D:1      | Reached XP level 3. HP: 22/22 MP: 3/3
  1320 | D:1      | Found Vonofas's Antique Weapon Emporium.
  2311 | D:2      | Found a shadowy altar of Dithmenos.
  2327 | D:2      | Became a worshipper of Dithmenos the Shadowed
  2357 | D:2      | Reached XP level 4. HP: 27/27 MP: 4/4
  3363 | D:3      | Reached * piety under Dithmenos
  3364 | D:3      | Reached XP level 5. HP: 32/32 MP: 5/5
  3576 | D:3      | HP: 7/32 [something/magic dart (5)]
  3579 | D:3      | HP: 2/32 [something (3)]
  3587 | D:3      | Killed from afar by an orc wizard

Illustrated notes

Levels and vault maps discovered:
D:1:      amcnicky_arrival_double_pillar, layout_loops_corners, serial_shops,
          shop, shapermc_ecumenical_altar_petra
D:2:      kennysheep_big_flooded_room, layout_basic, basic_altar
D:3:      layout_basic, corexii_item_surrounded_by_moat,
          hangedman_decor_growths, kennysheep_generic_room_16

Skill      XL: |  1  2  3  4 |
---------------+-------------+-----
Crossbows      | 5 |  5.5
Stealth        | 2 3 |  3.1
Dodging        | 3 |  3.6
Fighting       | 3 |  3.2
Invocations    | |  0.9

Action                   |  1- 3 |  4- 6 || total
-------------------------+-------+-------++-------
Melee: Hand axe          |    31 |    32 ||    63
       Short sword       |     1 |       ||     1
 Fire: Hand crossbow     |    39 |    33 ||    72
 Stab: Sleeping          |     6 |     3 ||     9
Armor: Leather armour    |     5 |     3 ||     8
Dodge: Dodged            |    27 |    22 ||    49

Table legend: (Time is in decaauts)
 A = Elapsed time spent in this place.
 B = Non-inter-level travel time spent in this place.
 C = Inter-level travel time spent in this place.
 D = Time resting spent in this place.
 E = Time spent auto-exploring this place.
 F = Levels seen in this place.
 G = Mean time per level.
                   A        B        C        D        E       F      G
               +--------+--------+--------+--------+--------+-----+--------+
         Total |   3594 |   3372 |    222 |      0 |   2894 |   3 | 1198.0 |
       Dungeon |   3594 |   3372 |    222 |      0 |   2894 |   3 | 1198.0 |
               +--------+--------+--------+--------+--------+-----+--------+

Top non-repeatable levels by time:
     D:2: 1469 daAuts
     D:1: 1404 daAuts
     D:3: 720 daAuts
